AoeStats
← Merciless Gladiator Stal

Nomad

510573576Analyzed
2v2 RM · 13h ago on Oct 1, 2026· 50m 30s· 4 players
Game mode
Random Map
Map size
176×176
Population
200
Speed
Normal
Resources
Standard
Victory
Conquest
Starting age
Dark Age
Ending age
Imperial Age
RankedLock teamsTeams togetherTeam positionsShared explorationLock speedFull tech treeHidden civsTurbo modeCheats
Victory
Defeat
1436
+14
🇧🇪 Lithuanians · Belgium
1435
+14
🇵🇰 Khmer · Pakistan
1401
-14
🇺🇸 Tatars · United States
1401
-14
Basil The Macedonian
3:40 Loom
13:43 Feudal Age
16:42 Castle Age
16:04 Bloodlines
17:14 Scale Barding Armor
18:02 Husbandry
25:57 Double-Bit Axe
30:24 Town Watch
32:30 Wheelbarrow
31:55 Town Patrol
33:34 Hand Cart
33:44 Chain Barding Armor
37:05 Imperial Age
34:34 Pikeman
36:06 Scale Mail Armor
36:06 Horse Collar
37:17 Chain Mail Armor
37:50 Capped Ram
38:04 Halberdier
38:55 Forging
41:55 Iron Casting
41:27 Heavy Plow
41:46 Bow Saw
42:00 Bow Saw
42:55 Conscription
46:34 Blast Furnace
superzaiyen
4:26 Loom
13:18 Feudal Age
14:36 Double-Bit Axe
18:59 Castle Age
17:39 Fletching
17:40 Fishing Lines
19:43 Bodkin Arrow
20:08 Bow Saw
26:27 Gillnets
28:16 Wheelbarrow
30:49 Imperial Age
29:19 Bloodlines
29:10 Husbandry
29:13 Gold Mining
31:23 Silk Armor
31:38 Bracer
32:46 Chemistry
32:41 Ballistics
34:07 Padded Archer Armor
35:48 Leather Archer Armor
37:10 Ring Archer Armor
38:07 Conscription
38:17 Heavy Cavalry Archer
44:08 Hand Cart
48:33 Gold Shaft Mining
47:49 Stone Mining
Soulrajh
8:13 Loom
12:39 Feudal Age
16:41 Castle Age
15:18 Double-Bit Axe
30:03 Scale Barding Armor
31:22 Chain Barding Armor
36:47 Imperial Age
34:53 Forging
36:57 Iron Casting
37:20 Elite Leitis
40:14 Gold Mining
43:15 Plate Barding Armor
50:14 Elite Skirmisher
Merciless Gladiator Stal
5:15 Loom
11:48 Feudal Age
14:32 Wheelbarrow
17:40 Castle Age
15:26 Horse Collar
23:56 Scale Barding Armor
24:02 Bloodlines
29:13 Town Watch
29:21 Double-Bit Axe
32:18 Bow Saw
36:37 Imperial Age
35:03 Husbandry
35:07 Gold Mining
36:46 Chain Barding Armor
37:22 Gold Shaft Mining
36:33 Heavy Camel Rider
37:27 Forging
40:07 Plate Barding Armor
42:50 Light Cavalry
Connection lost

Rejoining the realm…

Still unreachable

The connection could not be restored.

Session expired

The server has moved on; the page needs a fresh start.